 Dungeon Crawl Stone Soup version 0.23-a0-726-g9fa1570 (webtiles) character file.

1089 nikopol the Cleaver (level 8, -31/70 HPs)
             Began as a Minotaur Berserker on Jan 16, 2019.
             Was a Priest of Trog.
             Killed from afar by a deep elf mage (39 damage)
             ... with a stone arrow
             ... on level 6 of the Dungeon.
             The game lasted 00:07:29 (4276 turns).

nikopol the Cleaver (Minotaur Berserker)            Turns: 4276, Time: 00:07:29

Health: -31/70     AC:  9    Str: 23    XL:     8   Next: 9%
Magic:  7/7        EV: 12    Int:  4    God:    Trog [***...]
Gold:   250        SH:  0    Dex: 11    Spells: 7/7 levels left

rFire    . . .     SeeInvis +   a - +0 war axe
rCold    . . .     Gourm    .   (no shield)
rNeg     . . .     Faith    .   e - +0 ring mail
rPois    .         Spirit   .   (helmet restricted)
rElec    .         Reflect  .   (no cloak)
rCorr    .         Harm     .   p - +2 pair of gloves
MR       +++..                  (no boots)
Stlth    +.........             (no amulet)
HPRegen  1.21/turn              r - ring of protection from magic
MPRegen  0.10/turn              u - ring of see invisible

@: regenerating
A: retaliatory headbutt, horns 2
a: Berserk, Trog's Hand, Renounce Religion


You were on level 6 of the Dungeon.
You worshipped Trog.
Trog was most pleased with you.
You were very hungry.

You visited 1 branch of the dungeon, and saw 6 of its levels.

You collected 250 gold pieces.

Inventory:

Hand Weapons
 a - a +0 war axe (weapon)
Missiles
 m - 59 arrows
Armour
 b - a +0 animal skin
 e - a +0 ring mail (worn)
 p - a +2 pair of gloves (worn)
Jewellery
 r - a ring of protection from magic (left hand)
 u - a ring of see invisible (right hand)
Wands
 v - a wand of random effects (13)
 y - a wand of acid (7)
 B - a wand of iceblast (15)
 D - a wand of digging (3)
Scrolls
 g - 3 scrolls of remove curse
 j - 2 scrolls of fear {unknown}
 k - 4 scrolls of enchant weapon {unknown}
 t - 2 scrolls of amnesia {unknown}
 w - a scroll of enchant armour {unknown}
 x - 3 scrolls of teleportation {unknown}
Potions
 d - a potion of might {unknown}
 f - 2 potions of berserk rage {unknown}
 h - a potion of ambrosia {unknown}
 i - 2 potions of curing
 l - a potion of degeneration {unknown}
 n - 3 potions of lignification {unknown}
 o - 2 potions of heal wounds {unknown}
 q - 2 potions of haste
 s - 2 potions of agility
 z - a potion of resistance {unknown}
 C - a potion of brilliance {unknown}
Comestibles
 c - 12 rations
 A - 2 chunks of flesh


   Skills:
 + Level 5.9 Fighting
 + Level 9.1 Axes
 + Level 5.4 Armour
 + Level 3.6 Dodging
 + Level 0.6 Stealth


You had 7 spell levels left.
You didn't know any spells.
Your spell library was empty.

Dungeon Overview and Level Annotations

Branches:
Dungeon (6/15)
 Temple: D:4-7

Altars:
Hepliaklqana
Kikubaaqudgha
Okawaru
Qazlal
Sif Muna
Uskayaw


Innate Abilities, Weirdness & Mutations

You reflexively headbutt those who attack you in melee.
You have a pair of horns on your head.


Message History

The deep elf mage mumbles some strange words.
The deep elf mage blinks!
The deep elf mage gestures at you while chanting.
The stone arrow hits you! The deep elf mage casts a spell at you.
The bolt of magma hits you!
You recover from your berserk rage.
The deep elf mage points at you and mumbles some strange words.
The stone arrow hits you!
Ouch! That really hurt!
* * * LOW HITPOINT WARNING * * *
The deep elf mage points at you and mumbles some strange words.
The stone arrow misses you.
Your skin crawls.
You feel resistant to hostile enchantments.
You are feeling very hungry.
The deep elf mage gestures at you while chanting.
The stone arrow hits you!
Ouch! That really hurt!
You die...

#.....#...#.......'...
+.....#...#.......#...
#.....#...#.......#...
#.....#...#.......###+
#.....#...#.......#...
#.....#...#.......#...
#.....'...#.......#...
#.....#...'.......#..รท
#....@#...#.......#...
########.....#..<#.......#...
.............#...#.......##'#
.............#...#...........
........e....#...#...........
.............#...#...........
.............#...#...........
############.....#...#...........
#..........'.....#...#.......####


You could see a deep elf mage.

Vanquished Creatures
  2 phantoms
  2 ogres
  A scorpion (D:4)
  A centaur zombie (D:5)
  A crimson imp (D:5)
  5 hounds
  A jelly (D:5)
  An orc wizard (D:3)
  Jessica (D:3)
  Ijyb (D:5)
  Natasha (thrice) (D:2)
  4 worker ants
  2 hound skeletons
  A howler monkey zombie (D:6)
  9 adders
  A white imp (D:5)
  An ooze (D:2)
  2 adder skeletons (D:4)
  2 worms
  4 dart slugs
  3 leopard geckos
  3 orcs
  A ball python (D:3)
  7 bats
  3 giant cockroaches
  8 goblins
  3 hobgoblins
  2 jackals (D:1)
  6 frilled lizards
  3 kobolds
  A quokka skeleton (D:4)
  4 rats
89 creatures vanquished.

Notes
Turn   | Place    | Note
-------+----------+-------------------------------------------
     0 | D:1      | nikopol the Minotaur Berserker began the quest for the Orb.
     0 | D:1      | Reached XP level 1. HP: 19/19 MP: 0/0
   120 | D:1      | Reached XP level 2. HP: 27/27 MP: 1/1
   166 | D:1      | Reached skill level 4 in Axes
   432 | D:1      | Reached ** piety under Trog
   917 | D:2      | Reached XP level 3. HP: 33/33 MP: 2/2
   960 | D:2      | Found a hazy altar of Hepliaklqana.
   962 | D:2      | Noticed Natasha
   969 | D:2      | Killed Natasha
  1121 | D:2      | Reached XP level 4. HP: 26/41 MP: 3/3
  1332 | D:2      | Noticed Natasha
  1344 | D:2      | Killed Natasha
  1344 | D:2      | Reached skill level 5 in Axes
  1500 | D:2      | Noticed Natasha
  1510 | D:2      | Killed Natasha
  1511 | D:2      | Found a hide-covered altar of Uskayaw.
  1511 | D:2      | Noticed a +0 hand axe
  1514 | D:2      | Noticed a +0 hand axe
  1535 | D:2      | Reached XP level 5. HP: 47/47 MP: 4/4
  1820 | D:3      | You fall through a shaft!
  1820 | D:4      | Found a stormy altar of Qazlal.
  2075 | D:3      | Noticed Jessica
  2090 | D:3      | Killed Jessica
  2253 | D:3      | Found a deep blue altar of Sif Muna.
  2493 | D:3      | Reached skill level 5 in Fighting
  2493 | D:3      | Reached skill level 6 in Axes
  2584 | D:3      | Found an iron altar of Okawaru.
  2677 | D:4      | Noticed an ogre
  2679 | D:4      | Reached XP level 6. HP: 55/56 MP: 5/5
  2759 | D:4      | Reached *** piety under Trog
  3146 | D:4      | Reached skill level 7 in Axes
  3146 | D:4      | Reached XP level 7. HP: 55/61 MP: 6/6
  3275 | D:5      | Entered Level 5 of the Dungeon
  3336 | D:5      | Reached skill level 5 in Armour
  3471 | D:5      | Found an ancient bone altar of Kikubaaqudgha.
  3694 | D:5      | Noticed Ijyb
  3704 | D:5      | Killed Ijyb
  3876 | D:5      | Got a polished dagger
  3882 | D:5      | Reached skill level 8 in Axes
  3884 | D:5      | Identified the cursed +0 dagger of the Ten Spirits {flame,
                  | rF+ rC++ rN+} (You found it on level 5 of the Dungeon)
  4153 | D:6      | Reached skill level 9 in Axes
  4153 | D:6      | Reached XP level 8. HP: 61/70 MP: 7/7
  4234 | D:6      | Noticed a deep elf mage
  4276 | D:6      | Killed from afar by a deep elf mage

Vault maps used:
D:1:      lightli_arrival_quake, hangedman_abyss_or_decor_lesser_grid,
          hangedman_feature_mirror
D:2:      dancing_weapons_uskayaw, nicolae_overflow_hidden_temple, uniq_natasha
D:3:      kennysheep_okawaru_gauntlet, first_ration, tgw_sif
D:4:      nicolae_qazlal_eye_of_the_storm
D:5:      kiku_gazebo_pond_becter, minmay_fire_ice_demons, uniq_ijyb
D:6:      nemelex_xobeh_ov_fountains_minmay, lemuel_crystal_altar, st_stairs_14,
          guppyfry_early_elven_hall

Skill      XL: |  1  2  3  4  5  6  7 |
---------------+----------------------+-----
Fighting       | 4 5 |  5.9
Axes           | 4 5 6 7 9 |  9.1
Armour         | 3 4 5 |  5.4
Dodging        | 3 |  3.6
Stealth        | |  0.6

Action                   |  1- 3 |  4- 6 |  7- 9 || total
-------------------------+-------+-------+-------++-------
Melee: Hand axe          |    63 |   140 |    13 ||   216
       Headbutt          |     8 |    22 |    20 ||    50
       War axe           |       |       |    60 ||    60
Invok: Berserk           |     1 |     3 |     1 ||     5
       Trog's Hand       |       |       |     1 ||     1
  Use: Scroll            |       |       |     5 ||     5
  Eat: Chunk             |     2 |     9 |     4 ||    15
Armor: Ring mail         |    28 |    61 |    21 ||   110
Dodge: Dodged            |    35 |    85 |    36 ||   156

Table legend:
 A = Non-vault XP
 B = Vault XP
 C = Vault XP percentage of total XP
 D = Non-vault monster count
 E = Vault monster count
 F = Vault count percentage of total count
                 A         B        C        D         E       F
            +---------+---------+-------+---------+---------+-------
      Total |    1389 |     168 |  10.8 |      82 |       7 |   7.9
            +---------+---------+-------+---------+---------+-------
        D:1 |      32 |       4 |  11.1 |      18 |       2 |  10.0
        D:2 |     132 |      35 |  21.0 |      17 |       1 |   5.6
        D:3 |     119 |      37 |  23.7 |      18 |       1 |   5.3
        D:4 |     499 |       0 |   0.0 |      16 |       0 |   0.0
        D:5 |     379 |      92 |  19.5 |       9 |       3 |  25.0
        D:6 |     228 |       0 |   0.0 |       4 |       0 |   0.0
            +---------+---------+-------+---------+---------+-------
